 Dungeon Crawl Stone Soup version 0.31.0-11-ge490571c62 (webtiles) character file.

Game seed: 4337846683423686373

1 oldriver the Sneak (level 1, 0/15 HPs)
             Began as a Ghoul Enchanter on Feb 3, 2024.
             Slain by a jackal (1 damage)
             ... on level 1 of the Dungeon.
             The game lasted 00:00:28 (117 turns).

oldriver the Sneak (Ghoul Enchanter)                 Turns: 117, Time: 00:00:29

Health: 0/15       AC:  2    Str: 11    XL:     1   Next: 20%
Magic:  3/3        EV: 12    Int: 14    God:
Gold:   13         SH:  0    Dex:  9    Spells: 3/3 levels left

rFire   . . .        a - +2 dagger
rCold   + . .        (no shield)
rNeg    + + +        b - +0 robe
rPois   ∞            (no helmet)
rElec   .            (no cloak)
rCorr   .            (no gloves)
SInv    .            (no boots)
Will    .....        (no amulet)
Stlth   ++           (no ring)
HPRegen 0.00/turn    (no ring)
MPRegen 0.08/turn

%: no passive effects
@: inhibited regen, invisible
A: claws 1, cold resistance 1, negative energy resistance 3, inhibited
regeneration, torment resistance 2, devour on kill
a: no special abilities


You were on level 1 of the Dungeon.
You visited 1 branch of the dungeon, and saw 1 of its levels.

You collected 13 gold pieces.

Inventory:

Hand Weapons
 a - a +2 dagger (weapon)
Armour
 b - a +0 robe (worn)
Scrolls
 e - a scroll of identify {unknown}
Potions
 c - a potion of invisibility


   Skills:
 + Level 0.4 Fighting
 - Level 0.8 Short Blades
 - Level 1.7 Dodging
 - Level 3.2 Stealth
 - Level 1.7 Spellcasting
 - Level 2.4 Hexes


You had 3 spell levels left.
You didn't know any spells.
Your spell library contained the following spells:

 Spells                   Type           Power      Damage    Failure   Level
 Ensorcelled Hibernation  Hex/Ice        8%         N/A       22%         2
 Confusing Touch          Hex            7%         N/A       26%         3
 Tukima's Dance           Hex            7%         N/A       26%         3
 Dazzling Flash           Conj/Hex       8%         N/A       41%         3
 Passwall                 Erth           1%         N/A       58%         3
 Swiftness                Air            1%         N/A       58%         3


Dungeon Overview and Level Annotations

Branches:
Dungeon (1/15)

Altars:


Innate Abilities, Weirdness & Mutations

You are immune to poison.
You have sharp fingernails.
Your flesh is cold resistant. (rC+)
You are immune to negative energy. (rN+++)
You do not regenerate when monsters are visible.
You are immune to unholy pain and torment.
You thrive by killing the living.


Message History

You miss the jackal. The jackal bites you. The jackal closely misses you. x2
You hit the jackal.
The jackal is moderately wounded.
The jackal bites you. The jackal misses you.
The jackal bites you but does no damage.
The jackal bites you.
You barely miss the jackal.
The jackal is moderately wounded.
The jackal bites you. x2
* * * LOW HITPOINT WARNING * * *
You barely miss the jackal.
The jackal is moderately wounded.
The jackal bites you.
* * * LOW HITPOINT WARNING * * *
The jackal barely misses you. The jackal closely misses you.
You aren't carrying any items that you can evoke.
As you read the scroll labelled HAMNIH MOCS, it crumbles to dust.
It is a scroll of enchant weapon.
Your +1 dagger glows red for a moment.
The jackal bites you.
* * * LOW HITPOINT WARNING * * *
The jackal barely misses you. x2
Unknown command.
You fade into invisibility!
The jackal bites you but does no damage.
The jackal barely misses you.
Unknown command.
The jackal barely misses you. The jackal closely misses you. x2
The jackal barely misses you. The jackal barely misses you.
The jackal misses you. The jackal closely misses you.
You hit the jackal but do no damage. The jackal closely misses you.
You hit the jackal.
The jackal is moderately wounded.
The jackal closely misses you.
You hit the jackal.
The jackal is severely wounded.
The jackal closely misses you. The jackal bites you.
You die...

#.............#
##.#.#.#.#.#(#.#
#.#.#.#.#.#.#..#.
##.#.≈≈≈≈≈.#.#>..
#.#.#≈.<.≈#.#..#
##.#.≈...≈.#.#
#.#.#≈...≈#.#..# #
####.#.~~~~~.#.#.# #.
#.@.#.#.#.#.#.#..#
..#+###+#h##.#.#.#.#.#.#.#
#........##############.#
+........# # #...h....# .
+....†...#####
.#######............#
.##.......####......#
.##.......# #......#


You could see 2 jackals.

Vanquished Creatures
  A hobgoblin (D:1)
1 creature vanquished.

Notes
Turn   | Place    | Note
-------+----------+-------------------------------------------
     0 | D:1      | oldriver the Ghoul Enchanter began the quest for the Orb.
     0 | D:1      | Reached XP level 1. HP: 14/14 MP: 3/3
   117 | D:1      | Slain by a jackal

Illustrated notes

Levels and vault maps discovered:
D:1:      ncdulo_watergridlock, layout_basic,
          shapermc_ecumenical_altar_mp_urbaneastern, minmay_misc_feat_rugged

Action                     || total
---------------------------++-------
  Melee: Dagger            ||    19
    Use: Scroll            ||     1
         Potion            ||     1
 Armour: Robe              ||    17
  Dodge: Dodged            ||    25
